 Dungeon Crawl Stone Soup version 0.19.1 (webtiles) character file.

147 Morsion the Cutter (level 5, 0/37 HPs)
             Began as a High Elf Fighter on May 21, 2017.
             Slain by Grinder (4 damage)
             ... while paralysed by Grinder
             ... on level 3 of the Dungeon.
             The game lasted 00:04:49 (2225 turns).

Morsion the Cutter (High Elf Fighter)               Turns: 2225, Time: 00:04:49

Health: 0/37       AC:  8    Str: 15    XL:     5   Next: 7%
Magic:  6/6        EV:  2    Int: 12    God:
Gold:   136        SH:  0    Dex: 15    Spells: 0 memorised, 4 levels left

rFire  . . .     SeeInvis .     a - +0 rapier
rCold  . . .     Gourm    .     b - +0 scale mail
rNeg   . . .     Faith    .     c - +0 shield
rPois  .         Spirit   .     r - +0 hat
rElec  .         Reflect  .     (no cloak)
rCorr  .         Harm     .     (no gloves)
MR     .....                    h - +0 pair of boots
Stlth  ..........               (no amulet)
                                (no ring)
                                (no ring)

@: paralysed, lethally poisoned (0 -> -1)
A: no striking features
a: no special abilities


You were on level 3 of the Dungeon.
You were hungry.

You visited 1 branch of the dungeon, and saw 3 of its levels.

You collected 136 gold pieces.

Inventory:

Hand Weapons
 a - a +0 rapier (weapon)
Missiles
 i - 12 tomahawks (quivered)
Armour
 b - a +0 scale mail (worn)
 c - a +0 shield (worn)
 h - a +0 pair of boots (worn)
 r - a +0 hat (worn)
Jewellery
 m - an uncursed ring of see invisible {unknown}
Scrolls
 e - a scroll of teleportation {unknown}
 k - 3 scrolls of remove curse {unknown}
 l - 2 scrolls of identify {unknown}
 q - 2 scrolls of enchant weapon {unknown}
Potions
 d - a potion of might
 j - 2 potions of flight {unknown}
 n - 2 potions of curing {unknown}
 o - a potion of cancellation {unknown}
 p - a potion of agility {unknown}
 s - a potion of invisibility {unknown}
Comestibles
 f - 2 bread rations
 g - a meat ration


   Skills:
 + Level 3.7 Fighting
 * Level 4.2 Short Blades
 + Level 3.4 Armour
 + Level 3.3 Shields


You had 4 spell levels left.
You didn't know any spells.

Dungeon Overview and Level Annotations

Branches:
Dungeon (3/15)

Altars:
Ru

Annotations:
D:2 1 runed door
D:3 Grinder


Message History

You feel sick. Grinder hits you but does no damage.
You puncture Grinder!
Grinder is moderately wounded.
Grinder says, "Are you a fish?"
Grinder blinks!
You closely miss Grinder.
Grinder is moderately wounded.
You feel sick. Grinder gestures at you.
You suddenly lose the ability to move!
Grinder gestures at you. Pain shoots through your body!
Grinder barely misses you. Grinder gestures at you.
Pain shoots through your body!
* * * LOW HITPOINT WARNING * * *
You feel sick. Grinder hits you.
* * * LOW HITPOINT WARNING * * *
You writhe in agony.
You die...

#### ..# #5# #@# #.# #.# #
############.####.##..
#.##...........<.....##.#
#....##########.####.##.#
####.##.....#.....##.##.#
#...........#.#....#.##.####
#.##.##.####...##..#.#.....


You could see Grinder.

Vanquished Creatures
  An orc wizard (D:3)
  Natasha (D:2)
  2 adders
  An ooze (D:2)
  A dart slug (D:2)
  A leopard gecko (D:3)
  4 orcs (D:3)
  3 ball pythons
  8 bats
  4 giant cockroaches
  8 goblins
  2 hobgoblins
  8 jackals
  7 kobolds
  2 quokkas
  8 rats
  2 fungi (D:2)
63 creatures vanquished.

Notes
Turn   | Place    | Note
-------+----------+-------------------------------------------
     0 | D:1      | Morsion the High Elf Fighter began the quest for the Orb.
     0 | D:1      | Reached XP level 1. HP: 16/16 MP: 2/2
   115 | D:1      | Reached XP level 2. HP: 21/21 MP: 3/3
   420 | D:1      | Reached skill level 3 in Short Blades
   513 | D:2      | Found a faded altar of an unknown god.
   517 | D:2      | Noticed Natasha
   519 | D:2      | Reached XP level 3. HP: 25/26 MP: 4/4
   833 | D:2      | Killed Natasha
   888 | D:2      | Reached XP level 4. HP: 31/31 MP: 5/5
  1684 | D:2      | Found a runed door.
  1834 | D:3      | Reached skill level 4 in Short Blades
  2118 | D:3      | Found a sacrificial altar of Ru.
  2155 | D:3      | Reached XP level 5. HP: 31/37 MP: 6/6
  2210 | D:3      | Noticed Grinder
  2221 | D:3      | Paralysed by Grinder for 6 turns
  2225 | D:3      | Slain by Grinder

Skill      XL: |  1  2  3  4 |
---------------+-------------+-----
Armour         | 3 |  3.4
Short Blades   | 3 4 |  4.2
Shields        | 3 |  3.3
Fighting       | |  3.7

Action                   |  1- 3 |  4- 6 || total
-------------------------+-------+-------++-------
Melee: Rapier            |    90 |   147 ||   237
       Unarmed           |     3 |       ||     3
  Eat: Chunk             |       |     4 ||     4
Armor: Scale mail        |    41 |    66 ||   107
       Skin              |     6 |       ||     6
Dodge: Dodged            |    28 |    39 ||    67
Block: Shield            |    39 |    66 ||   105
